 Dungeon Crawl Stone Soup version 0.18-a0-1273-g8ec5f8e (webtiles) character file.

83 namelastname112 the Shooter (level 4, -3/38 HPs)
             Began as a Draconian Hunter on Feb 7, 2016.
             Slain by dvd's ghost (10 damage)
             ... on level 3 of the Dungeon.
             The game lasted 00:02:56 (2072 turns).

namelastname112 the Shooter (Draconian Hunter)      Turns: 2072, Time: 00:02:56

Health: -3/38      AC:  5    Str: 14    XL:     4   Next: 22%
Magic:  4/4        EV: 12    Int: 15    God:
Gold:   111        SH:  0    Dex: 12    Spells: 0 memorised, 3 levels left

rFire  . . .     SeeInvis .     a - +1 shortbow
rCold  . . .     Gourm    .     (armour unavailable)
rNeg   . . .     Faith    .     (shield currently unavailable)
rPois  .         Spirit   .     (helmet restricted)
rElec  .         Dismiss  .     (no cloak)
rCorr  .         Reflect  .     (no gloves)
SustAt .         Harm     +     (no boots)
MR     .....                    e - amulet of harm
Stlth  +.........               (no ring)
                                s - +3 ring of intelligence

@: not resistant to hostile enchantments, very unstealthy
A: unfitting armour, cold-blooded, AC +5
a: no special abilities


You were on level 3 of the Dungeon.
You were not hungry.

You visited 1 branch of the dungeon, and saw 3 of its levels.

You collected 111 gold pieces.

Inventory:

Hand Weapons
 a - a +1 shortbow (weapon)
 b - a +0 short sword
Missiles
 c - 35 arrows (quivered)
Jewellery
 e - an amulet of harm (around neck)
 s - a +3 ring of intelligence (left hand)
Scrolls
 f - a scroll of fog {unknown}
 g - 7 scrolls of identify {unknown}
 h - a scroll of enchant armour {unknown}
 l - a scroll of teleportation {unknown}
 q - a scroll of magic mapping {unknown}
Potions
 i - a potion of mutation {unknown}
 k - a potion of curing {unknown}
 m - a potion of lignification {unknown}
 n - 2 potions of flight {unknown}
 o - a potion of might {unknown}
Comestibles
 d - a bread ration
 j - 2 beef jerkies
 p - a royal jelly


   Skills:
 + Level 3.0 Fighting
 * Level 4.5 Bows
 + Level 2.4 Dodging
 - Level 0.8 Stealth


You had 3 spell levels left.
You didn't know any spells.

Dungeon Overview and Level Annotations

Branches:
Dungeon (3/15)

Altars:

Annotations:
D:3 dvd's ghost, amateur OpTm


Innate Abilities, Weirdness & Mutations

Your plain brown scales are hard (AC +5).
Your body does not fit into most forms of armour.
You are cold-blooded and may be slowed by cold attacks.


Message History

Firing (i - inventory):
c - 38 arrows (quivered)
Press: ? - help, Shift-Dir - straight line, f/p - dvd's ghost
Aim: dvd's ghost (moderately damaged)
You shoot an arrow. The arrow misses dvd's ghost.
Dvd's ghost hits you but does no damage.
Firing (i - inventory):
c - 37 arrows (quivered)
Press: ? - help, Shift-Dir - straight line, f/p - dvd's ghost
Aim: dvd's ghost (moderately damaged)
You shoot an arrow. The arrow hits dvd's ghost!
Dvd's ghost is severely damaged.
Dvd's ghost hits you.
* * * LOW HITPOINT WARNING * * *
Dvd's ghost hits you but does no damage.
Firing (i - inventory):
c - 36 arrows (quivered)
Press: ? - help, Shift-Dir - straight line, f/p - dvd's ghost
Aim: dvd's ghost (severely damaged)
You shoot an arrow. The arrow hits dvd's ghost.
Dvd's ghost is severely damaged.
Dvd's ghost hits you!
You die...

### #.## #.. #.#
####### ##<# #
#@W.?(###..##...#
#####............
###..#####...
#.## . #.# #.#
..# .## #.


You could see dvd's ghost.

Vanquished Creatures
  4 adders (D:2)
  An ooze (D:2)
  A worm (D:2)
  A giant gecko (D:2)
  2 bats (D:1)
  A giant cockroach (D:1)
  4 goblins
  8 hobgoblins
  3 jackals (D:1)
  A quokka (D:2)
  3 giant newts (D:2)
  5 kobolds
  5 rats
39 creatures vanquished.

Notes
Turn   | Place    | Note
--------------------------------------------------------------
     0 | D:1      | namelastname112 the Draconian Hunter began the quest for the Orb.
     0 | D:1      | Reached XP level 1. HP: 17/17 MP: 1/1
   358 | D:1      | Reached XP level 2. HP: 25/25 MP: 2/2
   612 | D:1      | Reached skill level 4 in Bows
   946 | D:2      | Reached XP level 3. HP: 27/30 MP: 3/3
  1771 | D:2      | Reached XP level 4. HP: 29/38 MP: 4/4
  2051 | D:3      | Noticed dvd's ghost (amateur OpTm)
  2072 | D:3      | Slain by dvd's ghost

Vault maps used:
D:1:      dpeg_arrival_boxes_within_box
D:3:      first_bread, uniq_jessica, uniq_terence, uniq_sigmund, uniq_robin,
          uniq_crazy_yiuf_cottage

Action                   |  1- 3 |  4- 6 || total
-------------------------+-------+-------++-------
Melee: Short sword       |   129 |    16 ||   145
 Fire: Shortbow          |     3 |     8 ||    11
 Stab: Sleeping          |     2 |     1 ||     3
  Eat: Chunk             |     2 |     2 ||     4
